 Dungeon Crawl Stone Soup version 0.21.0 (webtiles) character file.

251 EhCats the Skirmisher (level 6, -1/50 HPs)
             Began as a Hill Orc Fighter on Mar 9, 2018.
             Was an Initiate of Ru.
             Slain by a wraith (7 damage)
             ... in an ossuary on Mar 10, 2018.
             The game lasted 00:59:49 (5661 turns).

EhCats the Skirmisher (Hill Orc Fighter)            Turns: 5661, Time: 00:59:49

Health: -1/50      AC:  9    Str: 21    XL:     6   Next: 13%
Magic:  6/6        EV:  8    Int:  8    God:    Ru [......]
Gold:   331        SH:  9    Dex: 10    Spells: 5/5 levels left

rFire    . . .     SeeInvis .   l - +2 spear (freeze)
rCold    . . .     Gourm    .   c - +0 shield
rNeg     . . .     Faith    .   g - +0 ring mail {MR+}
rPois    +         Spirit   .   (no helmet)
rElec    .         Reflect  .   (no cloak)
rCorr    .         Harm     .   (no gloves)
MR       +....                  h - +2 pair of boots
Stlth    ..........             (no amulet)
HPRegen  0.16/turn              (no ring)
MPRegen  0.10/turn              (no ring)

@: slowed, very slow
A: frail 1, poison resistance
a: Renounce Religion


You were in an ossuary.
You worshipped Ru.
Ru was noncommittal.
You were not hungry.

You visited 1 branch of the dungeon, and saw 4 of its levels.
You also visited: Ossuary.

You collected 331 gold pieces.

Inventory:

Hand Weapons
 a - a +0 trident
 l - a +2 spear of freezing (weapon)
 p - a +0 short sword
 w - the +7 long sword of Tupliyt {freeze, rPois Int+7}
   (You took it off an orc on level 4 of the Dungeon)

   It has been specially enchanted to freeze those struck by it, causing extra
   injury to most foes and up to half again as much damage against particularly
   susceptible opponents.
   It can also slow down cold-blooded creatures.
   It affects your intelligence (+7).
   It protects you from poison.
Missiles
 e - 22 arrows
 i - 148 stones (quivered)
 m - 24 poisoned needles
 r - 15 bolts
Armour
 b - a +0 scale mail
 c - a +0 shield (worn)
 d - a +0 robe
 g - a +0 ring mail of magic resistance (worn)
 h - a +2 pair of boots (worn)
Jewellery
 t - an uncursed ring of positive energy {unknown}
Scrolls
 k - a scroll of remove curse
 n - a scroll of blinking {unknown}
 o - a scroll of magic mapping {unknown}
 x - a scroll of fog {unknown}
 y - a scroll of enchant weapon {unknown}
 A - a scroll of identify {unknown}
 B - a scroll of fear {unknown}
Potions
 q - 2 potions of agility {unknown}
 s - a potion of curing {unknown}
 u - a potion of lignification {unknown}
 z - a potion of heal wounds {unknown}
Comestibles
 f - 6 rations


   Skills:
 * Level 5.5 Fighting
 * Level 4.2 Polearms
 + Level 4.2 Armour
 + Level 4.2 Shields


You had 5 spell levels left.
You didn't know any spells.

Dungeon Overview and Level Annotations

Branches:
Dungeon (4/15)
 Temple: D:4-7

Altars:
Ashenzari
Elyvilon
Gozag
Qazlal
Ru
Vehumet
Wu Jian
Yredelemnul


Innate Abilities, Weirdness & Mutations

You are frail. (-10% HP)
Your system is resistant to poisons. (rPois)


Message History

* * * LOW HITPOINT WARNING * * *
The wraith drains your vigour!
You feel as though you will be slow longer.
A wraith is nearby!
You hit the wraith.
The wraith is lightly damaged.
The wraith barely misses you.
Okay, then.
Okay, then.
What are your orders? t - Shout!
Orders for allies: a - Attack new target. p - Attack previous target. r - Retreat! s - Stop attacking. g - Guard the area. f - Follow me.
Anything else - Cancel.
Okay, then.
Adjust to which letter? (? for menu, Esc to quit)
Okay, then.
The wraith hits you!
You die...

∩..................
......#####'#####..
.....##.........##
....##...#####...##
...##...##...##...##
...#...##...?.##...#
...'...#..??!?.#...+
...#...##.?!?.##...#
...##...##...##.@.##
....##...##'##.W.##
.....##.........##.
......#####+#####..
∩..................
...................
##########'''######
####...####
#..'...'..#


You could see a wraith.

Vanquished Creatures
  A scorpion (D:4)
  2 orc wizards (D:3)
  2 mummies
  3 adders (D:3)
  An ooze (D:1)
  3 dart slugs
  4 leopard geckos
  11 orcs
  7 bats
  3 giant cockroaches
  8 hobgoblins
  7 jackals
  2 ball pythons
  4 frilled lizards
  6 gnoll skeletons (Ossuary)
  5 goblins (D:1)
  10 kobolds
  3 kobold skeletons (Ossuary)
  8 orc skeletons (Ossuary)
  6 rats
  A fungus (D:3)
97 creatures vanquished.

Notes
Turn   | Place    | Note
-------+----------+-------------------------------------------
     0 | D:1      | EhCats the Hill Orc Fighter began the quest for the Orb.
     0 | D:1      | Reached XP level 1. HP: 19/19 MP: 1/1
   291 | D:1      | Reached XP level 2. HP: 23/27 MP: 2/2
   715 | D:1      | Reached skill level 4 in Fighting
   794 | D:1      | Reached XP level 3. HP: 33/33 MP: 3/3
  3266 | D:3      | Reached XP level 4. HP: 39/41 MP: 4/4
  3441 | D:3      | Found a sacrificial altar of Ru.
  3575 | D:3      | Became a worshipper of Ru the Awakened
  3993 | D:3      | Reached XP level 5. HP: 47/47 MP: 5/5
  4055 | D:3      | Found a shattered altar of Ashenzari.
  4344 | D:3      | Reached skill level 5 in Fighting
  5064 | D:4      | Found an opulent altar of Gozag.
  5064 | D:4      | Found a white marble altar of Elyvilon.
  5073 | D:4      | Found an ornate altar of the Wu Jian Council.
  5078 | D:4      | Found a radiant altar of Vehumet.
  5078 | D:4      | Found a basalt altar of Yredelemnul.
  5227 | D:4      | Got a smoking long sword {freeze}
  5272 | D:4      | Found a stormy altar of Qazlal.
  5316 | D:4      | Found a sand-covered staircase.
  5371 | D:4      | Reached XP level 6. HP: 47/56 MP: 6/6
  5446 | Ossuary  | Entered an ossuary
  5446 | Ossuary  | Noticed a wraith
  5446 | Ossuary  | Noticed a wraith
  5446 | Ossuary  | Noticed a wraith
  5524 | Ossuary  | Identified the +7 long sword of Tupliyt {freeze, rPois Int+7} (You took it off an orc on level 4 of the Dungeon)
  5627 | Ossuary  | Noticed a wraith
  5659 | Ossuary  | Gained mutation: You are frail. (-10% HP) [potion of mutation]
  5659 | Ossuary  | Gained mutation: Your system is resistant to poisons. (rPois) [potion of mutation]
  5661 | Ossuary  | Slain by a wraith

Skill      XL: |  1  2  3  4  5 |
---------------+----------------+-----
Fighting       | 4 5 |  5.5
Polearms       | 3 4 |  4.2
Armour         | 4 |  4.2
Shields        | 4 |  4.2

Action                   |  1- 3 |  4- 6 || total
-------------------------+-------+-------++-------
Melee: Trident           |    98 |       ||    98
       Spear             |    42 |   196 ||   238
  Use: Scroll            |     1 |     1 ||     2
       Potion            |       |     2 ||     2
  Eat: Chunk             |     3 |     5 ||     8
       Ration            |     1 |     1 ||     2
Armor: Scale mail        |    64 |       ||    64
       Ring mail         |     1 |    62 ||    63
Dodge: Dodged            |    42 |    38 ||    80
Block: Shield            |    69 |    69 ||   138
